 Dungeon Crawl Stone Soup version 0.29.1-13-g9f3cf754e1 (webtiles) character file.

Game seed: 15673142934602885614

101866 rddays123 the Severer (level 15, -3/139 HPs)
             Began as a Minotaur Fighter on Feb 5, 2023.
             Was the Champion of Hepliaklqana.
             Killed by the raging water
             ... invoked by a water nymph
              (28 damage)
             ... on level 2 of the Shoals on Feb 7, 2023.
             The game lasted 02:06:11 (25420 turns).

rddays123 the Severer (Minotaur Fighter)           Turns: 25420, Time: 02:06:11

Health: -3/139     AC: 31    Str: 26    XL:     15   Next: 84%
Magic:  19/22      EV: 10    Int:  7    God:    Hepliaklqana [******]
Gold:   2132       SH:  5    Dex: 10    Spells: 14/14 levels left

rFire   + . .      SeeInvis .   Z - +4 battleaxe (vorpal)
rCold   . . .      Faith    .   (shield currently unavailable)
rNeg    . . .      Spirit   .   s - +1 plate armour {rF+}
rPois   .          Reflect  +   (helmet restricted)
rElec   .          Harm     .   E - +2 cloak
rCorr   .          Rampage  .   J - +2 pair of gloves
Will    +....                   A - +2 pair of boots
Stlth   ..........              x - amulet of reflection
HPRegen 0.33/turn               j - +4 ring of protection
MPRegen 0.18/turn               G - ring of flight

@: flying, invisible, unable to read
A: reduced essence, horns 2, retaliatory headbutt, inability to read after
injury 1
a: Renounce Religion, Recall Ancestor, Ancestor Identity, Transference, Idealise


You were on level 2 of the Shoals.
You worshipped Hepliaklqana.
Hepliaklqana was exalted by your worship.
You visited 7 branches of the dungeon, and saw 26 of its levels.
You also visited: Bailey.

You collected 2762 gold pieces.
You spent 630 gold pieces at shops.

Inventory:

Hand Weapons
 z - a +1 spectral battleaxe
 I - a +4 battleaxe of venom
 U - a +6 great mace of protection
 Z - a +4 vorpal battleaxe (weapon)
Missiles
 n - a throwing net (quivered)
Armour
 c - a +0 buckler
 s - a +1 plate armour of fire resistance (worn)
 u - a +1 chain mail of willpower
 A - a +2 pair of boots (worn)
 E - a +2 cloak (worn)
 J - a +2 pair of gloves (worn)
 K - a +3 chain mail of poison resistance
 T - +0 fire dragon scales
Jewellery
 j - a +4 ring of protection (left hand)
 t - a ring of see invisible
 w - a +4 ring of evasion
 x - an amulet of reflection (around neck)
 y - a +4 ring of protection
 C - an amulet of regeneration
 G - a ring of flight (right hand)
 R - a +6 ring of intelligence
 V - the ring "Enky" {rC+ Int-3 Dex+9 SInv}
   (You took it off an efreet on level 11 of the Dungeon)

   [ring of see invisible]

   Int:       It affects your intelligence (-3).
   Dex:       It affects your dexterity (+9).
   rC:        It protects you from cold.
   SInv:      It lets you see invisible.
 X - a ring of resist corrosion
 Y - a +6 ring of dexterity
Wands
 a - a wand of digging (6)
 b - a wand of light (2)
 g - a wand of iceblast (12)
 h - a wand of paralysis (10)
 M - a wand of polymorph (15)
 N - a wand of mindburst (21)
 Q - a wand of flame (38)
Scrolls
 k - 2 scrolls of vulnerability
 o - 6 scrolls of identify
 p - 11 scrolls of teleportation
 q - a scroll of fear
 r - a scroll of blinking
 D - 3 scrolls of magic mapping
 S - a scroll of brand weapon
Potions
 e - 4 potions of lignification
 f - 4 potions of cancellation
 i - 2 potions of magic
 l - 4 potions of brilliance
 m - 4 potions of haste
 v - 7 potions of curing
 B - 4 potions of mutation
 H - 2 potions of might
 L - 2 potions of berserk rage
 O - 3 potions of ambrosia


   Skills:
 + Level 20.0 Fighting
 - Level 20.0 Axes
 - Level 13.1 Armour
 - Level 6.7 Dodging
 - Level 4.0 Shields
 - Level 10.9 Invocations


You had 14 spell levels left.
You didn't know any spells.
Your spell library contained the following spells:

 Spells                   Type           Power      Damage    Failure   Level
 Shock                    Conj/Air       0%         1d3       98%         1
 Ensorcelled Hibernation  Hex/Ice        0%         N/A       99%         2
 Passwall                 Tmut/Erth      0%         N/A       99%         2
 Poisonous Vapours        Pois/Air       0%         N/A       99%         2
 Static Discharge         Conj/Air       0%         3-3/arc   99%         2
 Confusing Touch          Hex            0%         N/A       100%        3
 Frozen Ramparts          Ice            0%         1d1       100%        3
 Gell's Gravitas          Tloc           0%         N/A       100%        3
 Ignite Poison            Fire/Tmut/Pois 0%         N/A       100%        3
 Lesser Beckoning         Tloc           0%         N/A       100%        3
 Spider Form              Tmut/Pois      0%         N/A       100%        3
 Summon Guardian Golem    Hex/Summ       0%         N/A       100%        3
 Swiftness                Air            0%         N/A       100%        3
 Teleport Other           Tloc           0%         N/A       100%        3
 Vampiric Draining        Necr           0%         2d6       100%        3
 Airstrike                Air            0%         2d(0-16)  100%        4
 Corpse Rot               Necr/Pois/Air  0%         N/A       100%        4
 Dispel Undead            Necr           0%         3d6       100%        4
 Ice Form                 Ice/Tmut       0%         N/A       100%        4
 Olgreb's Toxic Radiance  Pois           0%         N/A       100%        4
 Sticky Flame             Conj/Fire      0%         2d3       100%        4
 Summon Ice Beast         Ice/Summ       0%         N/A       100%        4
 Fireball                 Conj/Fire      0%         3d3       100%        5
 Iskenderun's Battlesphe  Conj           0%         2d6       100%        5
 Yara's Violent Unravell  Hex/Tmut       0%         3d3       100%        5
 Dispersal                Tloc           0%         N/A       100%        6
 Iron Shot                Conj/Erth      0%         9d1       100%        6
 Starburst                Conj/Fire      0%         6d3       100%        6
 Enfeeble                 Hex            0%         N/A       100%        7
 Orb of Destruction       Conj           0%         9d5       100%        7
 Spellforged Servitor     Conj/Summ      0%         N/A       100%        7
 Disjunction              Tloc           0%         N/A       100%        8
 Ignition                 Fire           0%         3d3       100%        8
 Polar Vortex             Ice            0%         N/A       100%        9


Dungeon Overview and Level Annotations

Branches:
Dungeon (14/15)            Temple (1/1) D:6            Lair (5/5) D:8
 Shoals (2/4) Lair:3       Spider (1/4) Lair:3        Slime (0/5) Lair:4
    Orc (2/2) D:12            Elf (1/3) Orc:2        Vaults (0/5) D:14
 Bailey (visited)

Altars:
Ashenzari
Cheibriados
Dithmenos
Elyvilon
Fedhas
Gozag
Hepliaklqana
Kikubaaqudgha
Makhleb
Nemelex Xobeh
Okawaru
Qazlal
Ru
Sif Muna
Trog
Uskayaw
Vehumet
Wu Jian
Xom
Yredelemnul
Zin
The Shining One
Jiyva

Shops:
D:13 ??   Orc:2 *[=(

Portals:
Trove: D:10 (give 4 scrolls of blinking)

Annotations:
D:4 2 transporters
D:13 2 transporters, shadowmeld's ghost, journeyman DjIE
Lair:4 3 runed translucent doors, FexLirch's ghost, journeyman FeSu
Lair:5 3 runed translucent doors, exclusion: obsidian statue, Thatpatchoflichen's ghost, journeyman DsGl
Shoals:1 Roxanne
Elf:1 6 runed translucent doors


Innate Abilities, Weirdness & Mutations

Your life essence is reduced to manifest your ancestor. (-10% HP)
You have a pair of horns on your head.
You reflexively headbutt those who attack you in melee.
You occasionally lose the ability to read scrolls when taking damage.


Message History

You closely miss the merfolk aquamancer.
You slash the sea snake!
The water nymph gestures at you while chanting.
The water rises up and strikes you!!
* * * LOW HITPOINT WARNING * * *
Mettia barely misses the water nymph.
The merfolk aquamancer mumbles some strange words.
The merfolk aquamancer blinks!
The sea snake bites you.
* * * LOW HITPOINT WARNING * * *
You feel much better. The water nymph casts a spell at you.
The water rises up and strikes you.
Mettia closely misses the water nymph.
The sea snake bites you but does no damage.
The merfolk aquamancer casts a spell at you.
The ball of steam hits you. You resist.
You feel better.
The water nymph gestures at you while chanting.
The water rises up and strikes you! The sea snake barely misses you.
You furiously retaliate!
You headbutt the sea snake. You miss the water nymph.
The water nymph is almost dead.
You slash the sea snake! The sea snake bites you!
* * * LOW HITPOINT WARNING * * *
The water nymph points at you and mumbles some strange words.
The water rises up and strikes you!
* * * LOW HITPOINT WARNING * * *
Okay, then.
Blink to where?
Press: ? - help, Dir - move target
As you read the scroll of blinking, it crumbles to dust.
The merfolk aquamancer gestures wildly while chanting.
The merfolk aquamancer blinks!
The water nymph casts a spell at you. The water rises up and strikes you.
Mettia blocks the sea snake's attack.
You fade into invisibility!
Mettia hits the water nymph but does no damage.
Mettia closely misses the sea snake.
The sea snake misses Mettia.
The water nymph casts a spell at you.
You feel threatened and lose the ability to read scrolls!
You die...

~~~....~~~~~≈≈≈≈~.
.......~~Sm(~≈≈~~~≈≈≈~≈≈
}.....~~.~R~~~~~~~~≈~~~≈
.....)....§~~~~≈≈~~~~~~≈
..........~~~~~~~~~~~~≈~
~~..##....~~≈≈≈~~~~~~~~≈
~...#....~~~~≈~~~......~
...~....~~~~~~~~~.......
.....~~~~..~~~~~@.......
.....~..~..~~~~~~...##..
#.......≈≈~~~~~~~.###
#...~~..≈≈≈≈~.~~...
#..~~~~~≈≈≈~~~~~....
.~.~~~~~.~~~~~~~.....
~~~~~≈~~.~~~.~~~~.....
~~~~~~~~~~~~.~~~~...###
~≈≈~~†~~..~~.~


You could see the friendly Mettia the knight (idealised), a sea snake (unable to
see you) and a water nymph (unable to see you, ally target).

Vanquished Creatures
  Saint Roka (Orc:2)
  A kraken (Shoals:1)
  An orc warlord (Orc:2)
  Azrael (Orc:2)
  4 dire elephants
  The ghost of AverageBear the Severer, a journeyman DsFi of Gozag (Orc:1)
  A fire dragon (D:12)
  2 catoblepae
  7 hydras
  4 boulder beetles
  5 two-headed ogres
  A merfolk avatar (Shoals:1)
  2 centaur warriors
  A tengu warrior (D:11)
  2 orc high priests (Orc:2)
  7 skeletal warriors
  A spectral death yak (Lair:5)
  A spectral anaconda (Lair:5)
  A death drake (shapeshifter) (D:13)
  4 sea snakes
  4 orc knights
  2 harpies (Shoals:2)
  4 necromancers (Lair:5)
  5 manticores
  4 ugly things (D:11)
  2 orc sorcerers (Orc:2)
  4 cyclopes
  3 fauns (Shoals:1)
  A wolf spider (Lair:3)
  6 black mambas
  12 elephants
  A water nymph (Shoals:2)
  A merfolk siren (Shoals:1)
  A moth of wrath (Spider:1)
  Maurice (Orc:2)
  2 cane toads (Lair:1)
  2 gargoyles
  An unseen horror (D:11)
  A demonic crawler (Spider:1)
  2 kobold demonologists
  2 tengu conjurers (D:11)
  An efreet (D:11)
  4 komodo dragons
  2 rime drakes (Lair:3)
  2 polar bears (Lair:3)
  5 trolls
  4 merfolk (Shoals:1)
  4 wind drakes
  A dream sheep (Shoals:2)
  5 slime creatures
  12 blink frogs
  3 tarantellas (Spider:1)
  3 hornets
  4 snapping turtles
  A centaur simulacrum (D:14)
  3 spriggans (Bailey)
  2 culicivoras (Spider:1)
  3 water elementals (Shoals:2)
  31 yaks
  2 vampires
  A wraith (D:13)
  2 basilisks
  4 wyverns
  4 fire elementals
  3 vampire mosquitoes
  A redback (Spider:1)
  2 wargs (Orc:2)
  A steam dragon (Bailey)
  3 acid dragons
  10 water moccasins
  3 black bears
  A hornet zombie (D:7)
  33 orc warriors
  An ice beast (D:6)
  6 wolves
  2 elephant zombies (Lair:5)
  12 ogres
  4 centaurs
  A phantom (D:5)
  9 bullfrogs
  A necrophage (D:6)
  7 scorpions
  7 wights
  7 killer bees
  A vampire bat (Orc:1)
  4 electric eels
  10 howler monkeys
  2 bullfrog zombies (D:7)
  3 centaur zombies (D:7)
  2 jellies
  17 orc priests
  A gnoll bouda (D:6)
  5 hounds
  2 iguanas (D:6)
  Terence (D:2)
  17 orc wizards
  2 howler monkey zombies (D:7)
  4 gnolls
  11 adders
  A shadow imp (D:8)
  3 white imps
  4 ufetubi
  4 worms
  5 dart slugs
  53 orcs
  3 endoplasms
  10 goblins
  7 hobgoblins
  4 jackals
  10 kobolds
  2 quokkas
  11 ball pythons
  7 bats
  2 frilled lizards (D:3)
  6 rats
540 creatures vanquished.

Vanquished Creatures (collateral kills)
  A spark wasp (Spider:1)
  A dire elephant (Lair:5)
  2 hydras
  A boulder beetle (D:12)
  A two-headed ogre (D:11)
  3 orc high priests (Orc:2)
  Sonja (Lair:4)
  2 skeletal warriors (D:13)
  A sea snake (Shoals:1)
  A harpy (Shoals:2)
  An orc knight (Orc:2)
  A faun (Shoals:1)
  2 cyclopes
  2 orc sorcerers (Orc:2)
  An ugly thing (D:12)
  5 elephants
  3 black mambas
  An unseen horror (D:11)
  2 cane toads
  A rime drake (Lair:1)
  3 trolls
  3 merfolk (Shoals:2)
  A snapping turtle (Shoals:2)
  A blink frog (Lair:1)
  3 dream sheep (Shoals:2)
  2 water elementals (Shoals:2)
  2 wyverns
  8 yaks
  3 basilisks
  2 wargs
  A water moccasin (Lair:5)
  A hell hound (Orc:2)
  12 orc warriors
  An ogre (Bailey)
  3 bullfrogs
  2 jellies (Lair:4)
  6 orc priests
  9 orc wizards
  34 orcs
  A bat (Orc:1)
  4 endoplasms (Lair:4)
  2 goblins (D:9)
137 creatures vanquished.

Vanquished Creatures (others)
  An orc knight (Orc:2)
  10 knights
  9 ancestors
  18 fungi
  48 plants
  4 tentacles (Shoals:1)
  20 withered plants (Lair:5)
110 creatures vanquished.

Grand Total: 787 creatures vanquished

Notes
Turn   | Place    | Note
-------+----------+-------------------------------------------
     0 | D:1      | rddays123 the Minotaur Fighter began the quest for the Orb.
     0 | D:1      | Reached XP level 1. HP: 19/19 MP: 0/0
   353 | D:1      | Reached XP level 2. HP: 27/27 MP: 1/1
  1021 | D:2      | Reached XP level 3. HP: 33/33 MP: 2/2
  1032 | D:2      | Noticed Terence
  1195 | D:2      | Killed Terence
  1196 | D:2      | Reached XP level 4. HP: 27/41 MP: 3/3
  1753 | D:3      | Found a faded altar of an unknown god.
  1758 | D:3      | Found a snail-covered altar of Cheibriados.
  1825 | D:2      | HP: 1/41 [something (3)]
  1850 | D:2      | Reached XP level 5. HP: 9/47 MP: 4/4
  2111 | D:2      | Reached skill level 5 in Fighting
  2114 | D:2      | Reached skill level 5 in Armour
  2342 | D:3      | Found a blossoming altar of Fedhas.
  2414 | D:3      | Found a faded altar of an unknown god.
  2807 | D:4      | Found a transporter.
  2847 | D:4      | Found a transporter.
  2858 | D:4      | Reached XP level 6. HP: 53/56 MP: 5/5
  2953 | D:4      | Reached skill level 5 in Axes
  3282 | D:4      | Found an opulent altar of Gozag.
  3431 | D:4      | Reached XP level 7. HP: 49/63 MP: 6/6
  3845 | D:5      | Entered Level 5 of the Dungeon
  3928 | D:5      | Found a white marble altar of Elyvilon.
  4318 | D:5      | Reached XP level 8. HP: 69/74 MP: 7/7
  5154 | D:6      | Found a staircase to the Ecumenical Temple.
  5172 | D:6      | Got the Volume of Translocated Evil Magicks
  5188 | Temple   | Entered the Ecumenical Temple
  5327 | Temple   | Became a worshipper of Hepliaklqana the Forgotten
  5934 | D:7      | Noticed a hornet
  5945 | D:7      | Killed a hornet
  5946 | D:7      | Reached XP level 9. HP: 82/85 MP: 8/8
  6139 | D:7      | Reached skill level 10 in Fighting
  6684 | D:7      | Reached skill level 10 in Axes
  6811 | D:8      | Reached * piety under Hepliaklqana
  7196 | D:8      | Found a staircase to the Lair.
  7295 | D:9      | Found a flagged portal.
  7310 | Bailey   | Entered a bailey
  7342 | Bailey   | Reached XP level 10. HP: 43/85 MP: 9/9
  7422 | Bailey   | Noticed a two-headed ogre
  7603 | Bailey   | Killed a two-headed ogre
  7604 | Bailey   | Reached skill level 10 in Armour
  7999 | D:9      | Noticed a centaur warrior
  8004 | D:9      | Killed a centaur warrior
  8061 | D:9      | Reached ** piety under Hepliaklqana
  8124 | D:9      | Noticed a sixfirhy
  8544 | D:10     | Entered Level 10 of the Dungeon
  8720 | D:10     | Reached XP level 11. HP: 94/94 MP: 10/10
  8994 | D:10     | Found a portal to a secret trove of treasure.
  9149 | D:10     | Reached *** piety under Hepliaklqana
  9619 | D:11     | Noticed a skeletal warrior
  9764 | Lair:1   | Entered Level 1 of the Lair of Beasts
  9795 | Lair:1   | Got the Writings on Glaciation and Pollution
  9850 | Lair:1   | Noticed a catoblepas
  9875 | Lair:1   | Killed a catoblepas
 10269 | Lair:1   | Reached **** piety under Hepliaklqana
 10833 | Lair:2   | Reached XP level 12. HP: 106/106 MP: 11/11
 10846 | Lair:2   | Found a glowing golden altar of the Shining One.
 11270 | Lair:2   | Noticed a catoblepas
 11302 | Lair:2   | Killed a catoblepas
 12702 | D:10     | Remembered your ancestor Mettia as a knight
 12769 | D:11     | Reached ***** piety under Hepliaklqana
 12797 | D:11     | Noticed a two-headed ogre
 12855 | D:11     | Killed a two-headed ogre
 12856 | D:11     | Reached skill level 15 in Fighting
 12990 | D:11     | Noticed a boulder beetle
 12994 | D:11     | Noticed a two-headed ogre
 12998 | D:11     | Noticed a tengu warrior
 13004 | D:11     | Killed a two-headed ogre
 13005 | D:11     | Reached skill level 15 in Axes
 13021 | D:11     | Killed a tengu warrior
 13022 | D:11     | Killed a boulder beetle
 13074 | D:11     | Found the +4 dagger "Morg" {pain, Will+ Int+5}
 13085 | D:11     | Noticed a four-headed hydra
 13096 | D:11     | Killed a four-headed hydra
 13118 | D:11     | Found a stormy altar of Qazlal.
 13123 | D:11     | Found a glowing silver altar of Zin.
 13480 | D:11     | Identified the ring "Enky" {rC+ Int-3 Dex+9 SInv}
 13506 | D:11     | Noticed a seven-headed hydra
 13706 | D:11     | Reached XP level 13. HP: 101/117 MP: 12/12
 14110 | D:11     | Found a shadowy altar of Dithmenos.
 14110 | D:11     | Found a bloodstained altar of Trog.
 14289 | D:12     | Noticed a fire dragon
 14625 | Lair:3   | Found a hole to the Spider Nest.
 15076 | Lair:3   | Reached skill level 1 in Invocations
 15251 | Lair:3   | Found a staircase to the Shoals.
 15520 | Lair:4   | Found a viscous altar of Jiyva.
 15521 | Lair:4   | Found a staircase to the Slime Pits.
 15685 | Lair:4   | Found a runed translucent gate.
 15685 | Lair:4   | Found a runed translucent gate.
 15685 | Lair:4   | Found a runed translucent gate.
 15685 | Lair:4   | Noticed an azure jelly
 15685 | Lair:4   | Noticed an acid blob
 15685 | Lair:4   | Noticed an azure jelly
 15686 | Lair:4   | Noticed an azure jelly
 15686 | Lair:4   | Noticed FexLirch's ghost (journeyman FeSu)
 15686 | Lair:4   | Noticed an azure jelly
 15687 | Lair:4   | Noticed an acid blob
 15687 | Lair:4   | Noticed an acid blob
 15877 | Lair:4   | Noticed Sonja
 15887 | Lair:4   | Killed Sonja
 16482 | Lair:4   | Found a viscous altar of Jiyva.
 16564 | Lair:5   | Entered Level 5 of the Lair of Beasts
 16708 | Lair:5   | Reached ****** piety under Hepliaklqana
 16830 | Lair:5   | Found a runed translucent gate.
 16831 | Lair:5   | Found a runed translucent gate.
 16831 | Lair:5   | Noticed Thatpatchoflichen's ghost (journeyman DsGl)
 16832 | Lair:5   | Found a runed translucent gate.
 16948 | Lair:5   | Reached skill level 5 in Invocations
 16948 | Lair:5   | Reached XP level 14. HP: 125/129 MP: 16/16
 18696 | D:12     | Found a staircase to the Orcish Mines.
 18813 | Orc:1    | Entered Level 1 of the Orcish Mines
 18813 | Orc:1    | Found a runed translucent door.
 18815 | Orc:1    | Noticed AverageBear's ghost (journeyman DsFi)
 18882 | Orc:1    | Killed AverageBear's ghost
 19387 | Orc:2    | Entered Level 2 of the Orcish Mines
 19395 | Orc:2    | Noticed Maurice
 19405 | Orc:2    | Reached skill level 10 in Invocations
 19449 | Orc:2    | Killed Maurice
 19537 | Orc:2    | Found a staircase to the Elven Halls.
 19756 | Orc:2    | Gained mutation: You occasionally lose the ability to read
                  | scrolls when taking damage. [a neqoxec]
 19764 | Orc:2    | Noticed Saint Roka
 20881 | Orc:2    | Killed Saint Roka
 20960 | Orc:2    | Noticed Azrael
 21054 | Orc:2    | Reached XP level 15. HP: 134/135 MP: 22/22
 21056 | Orc:2    | Killed Azrael
 21227 | Orc:2    | Paralysed by an orc sorcerer for 2 turns
 21432 | Orc:2    | Noticed an orc warlord
 21567 | Orc:2    | Killed an orc warlord
 21783 | Orc:2    | Found Deoluo's Antique Armour Shoppe.
 21784 | Orc:2    | Found Puyl's Antique Weapon Emporium.
 21787 | Orc:2    | Found Zanuxini's General Store.
 21787 | Orc:2    | Found Ystrergh's Jewellery Shoppe.
 22051 | Elf:1    | Entered Level 1 of the Elven Halls
 22051 | Elf:1    | Noticed a deep elf sorcerer
 22051 | Elf:1    | Found a runed translucent gate.
 22051 | Elf:1    | Found a runed translucent gate.
 22051 | Elf:1    | Found a runed translucent gate.
 22051 | Elf:1    | Found a runed translucent gate.
 22051 | Elf:1    | Found a runed translucent gate.
 22051 | Elf:1    | Found a runed translucent gate.
 22179 | D:13     | Reached skill level 1 in Dodging
 22224 | D:13     | Found Nedim's Magic Scroll Boutique.
 22230 | D:13     | Bought a scroll of blinking for 127 gold pieces
 22230 | D:13     | Bought a scroll of teleportation for 51 gold pieces
 22230 | D:13     | Bought a scroll of enchant armour for 127 gold pieces
 22230 | D:13     | Bought a scroll of identify for 34 gold pieces
 22284 | D:13     | Found a transporter.
 22289 | D:13     | Found a transporter.
 22289 | D:13     | Found a bloodstained altar of Trog.
 22289 | D:13     | Noticed shadowmeld's ghost (journeyman DjIE)
 22563 | D:13     | Found Gateedea's Magic Scroll Shop.
 22580 | D:13     | Bought a scroll of enchant armour for 97 gold pieces
 22580 | D:13     | Bought a scroll of enchant weapon for 97 gold pieces
 22580 | D:13     | Bought a scroll of magic mapping for 97 gold pieces
 22741 | D:14     | Reached skill level 5 in Dodging
 22772 | D:14     | Found a gate to the Vaults.
 23030 | Spider:1 | Entered Level 1 of the Spider Nest
 23488 | Shoals:1 | Entered Level 1 of the Shoals
 23832 | Shoals:1 | Noticed Roxanne
 24480 | Shoals:1 | Noticed a kraken
 24494 | Shoals:1 | Killed a kraken
 25420 | Shoals:2 | Killed from afar by a water nymph

Illustrated notes

Levels and vault maps discovered:
D:1:      dpeg_arrival_water_temple_mockup, layout_loops_corners
D:2:      layout_rooms, uniq_terence
D:3:      layout_loops_cross, nicolae_overflow_ecumenical_swirl, fedhas_altar_3,
          ebering_ecumenical_altar_petrified
D:4:      gammafunk_wand_slinger, layout_rooms, nicolae_gozag_seed_capital
D:5:      layout_loops_cross, mainiacjoe_overflow_brackets
D:6:      layout_cave_pods, minmay_temple_entry_glass, serial_park_tiny_1
D:7:      layout_loops_ring, serial_undead, serial_undead_a, serial_undead_c,
          serial_undead_c, serial_undead_c
D:8:      layout_basic, grunt_lair_entry_orc_guard_hut
D:9:      layout_basic, enter_bailey_3
D:10:     layout_stronghold, nicolae_trove_entry_isolated, serial_bayou_ford_a
D:11:     minmay_the_grid_octo_tiled_octocenter_mashed
          [minmay_the_grid_octo_focus, minmay_the_grid_octo_chip,
          minmay_the_grid_octo_shrine, minmay_the_grid_octo_empty,
          minmay_the_grid_octo_prize_ultimate_mussel_roller,
          minmay_the_grid_square_5x5_tri_point,
          minmay_the_grid_square_5x5_minivault,
          minmay_the_grid_square_5x5_beaten_path,
          minmay_the_grid_square_5x5_six_small], layout_loops_ring,
          dreamdust_wishing_well
D:12:     layout_rooms, david_orc_3, minmay_misc_feat_enclosed,
          reono_crystal_passage
D:13:     layout_roguey, serial_shops, shop, shop,
          gammafunk_ghost_wrathful_warriors, kennysheep_nub
D:14:     layout_grid_maze, lightli_vaults_fourway_checkpoint,
          serial_park_avenue1
Temple:   mainiacjoe_temple_coin_purse
Lair:1:   layout_regular_city
Lair:2:   layout_layer_cave, basic_altar, cheibrodos_lair_caveside_slide
Lair:3:   layout_cave_shapes, minmay_shoals_entry_hut, spider_nest_entry_rubble,
          gammafunk_lair_bear_cave
Lair:4:   layout_cave_pods, nicolae_slime_entry_slimehenge,
          gammafunk_ghost_ooze, serial_bayou_shore_a, grunt_megastairs_2,
          uniq_sonja
Lair:5:   due_jungle_book, layout_regular_city, gammafunk_ghost_hydra_chop,
          grunt_megastairs_5
Shoals:1: layout_shoals, uniq_roxanne
Shoals:2: layout_shoals, serial_shops, shop
Spider:1: cheibrodos_forgotten_conduit, hellmonk_test_site
Orc:1:    layout_diamond_mine, hellmonk_ghost_happy_afterlife, roderic_batcave
Orc:2:    st_orc_congregation, layout_diamond_mine, uniq_azrael, uniq_maurice,
          uniq_saint_roka
Elf:1:    nicolae_elf_arrival_dilemma, layout_loops_corners,
          ebering_ghost_inner_flame, hangedman_elven_crosses_minicolossus

Skill      XL: |  1  2  3  4  5  6  7  8  9 10 11 12 13 14 15 |
---------------+----------------------------------------------+-----
Fighting       | 4 5 6 7 9 11 12 14 16 18 20 | 20.0
Shields        | 4 |  4.0
Armour         | 4 5 6 7 9 11 13 | 13.1
Axes           | 3 4 5 7 9 10 12 14 16 17 19 20 | 20.0
Invocations    | 5 10 | 10.9
Dodging        | 6 |  6.7

Action                   |  1- 3 |  4- 6 |  7- 9 | 10-12 | 13-15 || total
-------------------------+-------+-------+-------+-------+-------++-------
Melee: War axe           |    58 |   140 |   285 |   392 |   404 ||  1279
       Headbutt          |    13 |    14 |    36 |    98 |   222 ||   383
       Mace              |       |       |       |    43 |   129 ||   172
       Battleaxe         |       |       |       |       |   327 ||   327
       Great mace        |       |       |       |       |     1 ||     1
Invok: Recall Ancestor   |       |       |       |     1 |     8 ||     9
       Ancestor Life: Kn |       |       |       |     1 |       ||     1
       Idealise          |       |       |       |       |     4 ||     4
       Transference      |       |       |       |       |     1 ||     1
  Use: Potion            |       |     4 |     3 |     4 |    16 ||    27
       Scroll            |       |     4 |     3 |     4 |    25 ||    36
 Stab: Distracted        |       |       |       |       |    14 ||    14
Armor: Scale mail        |    32 |   106 |    16 |       |       ||   154
       Ring mail         |       |       |    56 |       |       ||    56
       Plate armour      |       |       |   136 |   430 |   788 ||  1354
       Fire dragon scale |       |       |       |       |     9 ||     9
Dodge: Dodged            |    33 |    48 |   123 |   173 |   339 ||   716
Block: Buckler           |    11 |    31 |    65 |   108 |   117 ||   332
       Other             |       |       |       |       |    22 ||    22
